 Dungeon Crawl Stone Soup version 0.20-a0-420-g83c570d (webtiles) character file.

2793 TheGoonsmith the Spear-Bearer (level 9, -1/72 HPs)
             Began as a Merfolk Gladiator on Dec 31, 2016.
             Was a Believer of Okawaru.
             Slain by TheGoonsmith's ghost (15 damage)
             ... on level 9 of the Dungeon.
             The game lasted 00:15:01 (7802 turns).

TheGoonsmith the Spear-Bearer (Merfolk Gladiator)   Turns: 7802, Time: 00:15:01

Health: -1/72      AC: 12    Str: 22    XL:     9   Next: 71%
Magic:  0/9        EV: 15    Int:  7    God:    Okawaru [**....]
Gold:   502        SH:  6    Dex: 20    Spells: 4/8 levels left

rFire  + . .     SeeInvis .     S - +0 trident
rCold  + + .     Gourm    .     U - +1 scale mail "Zorol" {rElec rC+ Dex+4}
rNeg   + . .     Faith    .     n - +0 buckler
rPois  +         Spirit   +     c - +0 helmet
rElec  +         Reflect  .     j - +0 cloak
rCorr  +         Harm     .     q - +0 pair of gloves
MR     .....                    W - +1 pair of boots
Stlth  ..........               o - amulet of guardian spirit
                                (no ring)
                                s - ring of positive energy

@: mighty, resistant, very slightly contaminated, invisible
A: change form in water, swift swim, stealthy swim
a: Heroism, Renounce Religion


You were on level 9 of the Dungeon.
You worshipped Okawaru.
Okawaru was pleased with you.
You were not hungry.

You visited 2 branches of the dungeon, and saw 10 of its levels.

You collected 502 gold pieces.

Inventory:

Hand Weapons
 a - a +1 trident of chaos
 S - a +0 trident (weapon)
Missiles
 d - 5 throwing nets (quivered)
 v - 49 poisoned needles
 M - 3 javelins
 X - 8 curare-tipped needles
Armour
 b - a +0 leather armour
 c - a +0 helmet (worn)
 j - a +0 cloak (worn)
 n - a +0 buckler (worn)
 q - a +0 pair of gloves (worn)
 D - a +3 leather armour of positive energy
 I - a +0 ring mail of cold resistance
 U - the +1 scale mail "Zorol" (worn) {rElec rC+ Dex+4}
   (You found it on level 8 of the Dungeon)

   It affects your dexterity (+4).
   It protects you from cold.
   It insulates you from electricity.
 W - a +1 pair of boots (worn)
Jewellery
 m - an uncursed amulet of harm
 o - an amulet of guardian spirit (around neck)
 s - a ring of positive energy (left hand)
 V - a cursed -4 ring of evasion {unknown}
Wands
 e - a wand of confusion (17/48)
 p - a wand of polymorph (10/24)
 y - a wand of flame (26/48)
 G - a wand of acid (15/15)
 N - a wand of polymorph (5/24)
Scrolls
 r - 7 scrolls of identify
 w - 2 scrolls of recharging
 A - 2 scrolls of amnesia
 C - 2 scrolls of teleportation
 H - 2 scrolls of enchant weapon
 L - a scroll of remove curse
 O - a scroll of immolation
Potions
 g - a potion of resistance
 i - a potion of ambrosia {unknown}
 k - 3 potions of curing
 l - a potion of might
 t - a potion of magic {unknown}
 x - 5 potions of brilliance {unknown}
 B - a potion of flight {unknown}
 E - a potion of lignification {unknown}
 J - a potion of cure mutation {unknown}
 K - 2 potions of invisibility
 R - a potion of agility {unknown}
Books
 z - a book of Minor Magic

   Spells                             Type                      Level
   a - Magic Dart                     Conjuration                  1
   b - Blink                          Translocation                2
   c - Call Imp                       Summoning                    2
   d - Repel Missiles                 Charms/Air                   2
   e - Slow                           Hexes                        2
   f - Conjure Flame                  Conjuration/Fire             3
   g - Mephitic Cloud                 Conjuration/Poison/Air       3
 P - a book of Misfortune

   Spells                             Type                      Level
   a - Confusing Touch                Hexes                        1
   b - Confuse                        Hexes                        3
   c - Gell's Gravitas                Hexes/Translocation          3
   d - Petrify                        Transmutation/Earth          4
   e - Metabolic Englaciation         Hexes/Ice                    5
   f - Yara's Violent Unravelling     Hexes/Transmutation          5
Comestibles
 f - 4 bread rations
 h - 3 meat rations
 u - 12 fruits
 F - 3 slices of pizza
 Q - 2 beef jerkies
 T - a royal jelly


   Skills:
 + Level 7.5 Fighting
 * Level 13.5 Polearms
 - Level 2.0 Throwing
 - Level 7.0 Dodging
 - Level 4.0 Shields


You had 4 spell levels left.
You knew the following spells:

 Your Spells              Type           Power        Failure   Level  Hunger
a - Blink                 Tloc           N/A          99%         2    ###....
b - Repel Missiles        Chrm/Air       #.....       99%         2    ###....


Dungeon Overview and Level Annotations

Branches:
Dungeon (9/15)             Temple (1/1) D:6
   Lair: D:8-11         Orc: D:9-12

Altars:
Ashenzari
Cheibriados
Elyvilon
Fedhas
Gozag
Hepliaklqana
Kikubaaqudgha
Makhleb
Okawaru
Qazlal
Ru
Sif Muna
Trog
Uskayaw
Vehumet
Xom
Yredelemnul
Zin

Shops:
D:7 %

Annotations:
D:9 TheGoonsmith's ghost, novice FoFi


Message History

You are too injured to fight recklessly!
You are too injured to fight recklessly!
You feel very mighty all of a sudden. TheGoonsmith's ghost hits you!!
* * * LOW HITPOINT WARNING * * *
You fade into invisibility!
TheGoonsmith's ghost hits you!
* * * LOW HITPOINT WARNING * * *
You are very lightly contaminated with residual magic.
It was a potion of resistance.
You feel protected.
You block TheGoonsmith's ghost's attack.
It was a potion of curing.
You feel better.
TheGoonsmith's ghost hits you but does no damage.
You closely miss TheGoonsmith's ghost.
TheGoonsmith's ghost is heavily damaged.
You hit TheGoonsmith's ghost.
TheGoonsmith's ghost is severely damaged.
TheGoonsmith's ghost hits you!
You die...

,,,,,........#
,,,,,.....(..###******
,,,,,......>...,,,,,,*
,,,,,.........#*******
,,,,,,,.......#
,,,,,,,**#....#
,*******,#....#
**,,,,,,,#....########
,,,,,,,,,#.....W@...(#
,,,,,,,,,+.######....#
,,,,,,,,,#.#....'....#
,,,,,,,,,#.#....#....#
,,,,,,,,,#.#.<..#....#
,,,,,,,,,#.####'#...##
.#########..........#
..................###
......<...........#


You could see TheGoonsmith's ghost.

Vanquished Creatures
  Pikel (D:7)
  Grinder (D:3)
  Menkaure (D:7)
  A black bear (D:8)
  An ice beast (D:6)
  2 slaves (D:6)
  2 ogres
  A centaur (D:5)
  A crocodile (D:9)
  A gnoll sergeant (D:6)
  4 bullfrogs
  3 scorpions
  A crimson imp (D:6)
  2 jellies (D:7)
  An orc priest (D:5)
  7 hounds
  A bullfrog skeleton (D:5)
  2 orc wizards (D:4)
  A centaur skeleton (D:4)
  Terence (D:1)
  8 worker ants
  A killer bee zombie (D:8)
  A worker ant zombie (D:7)
  Robin (D:3)
  5 adders
  11 gnolls
  A shadow imp (D:5)
  6 oozes
  3 adder skeletons
  6 worms
  5 dart slugs
  5 leopard geckos
  14 orcs
  5 giant cockroaches
  2 gnoll zombies (D:4)
  11 goblins
  11 hobgoblins
  5 jackals
  4 quokkas
  2 ball pythons
  5 bats
  7 frilled lizards
  8 kobolds
  6 rats
168 creatures vanquished.

Vanquished Creatures (others)
  A crimson imp (D:7)
  A bullfrog zombie (D:7)
2 creatures vanquished.

Grand Total: 170 creatures vanquished

Notes
Turn   | Place    | Note
-------+----------+-------------------------------------------
     0 | D:1      | TheGoonsmith the Merfolk Gladiator began the quest for the Orb.
     0 | D:1      | Reached XP level 1. HP: 16/16 MP: 1/1
     2 | D:1      | Found a runed door.
   227 | D:1      | Reached XP level 2. HP: 23/23 MP: 2/2
   454 | D:1      | Reached skill level 5 in Polearms
   949 | D:1      | Reached XP level 3. HP: 28/28 MP: 3/3
   980 | D:1      | Reached XP level 4. HP: 25/35 MP: 4/4
  1231 | D:2      | Reached skill level 6 in Polearms
  1706 | D:2      | Noticed Terence
  1757 | D:1      | Killed Terence
  1757 | D:1      | Reached XP level 5. HP: 28/41 MP: 2/5
  1916 | D:3      | Reached skill level 1 in Shields
  2204 | D:3      | Noticed Robin
  2242 | D:3      | Killed Robin
  2345 | D:3      | Reached skill level 5 in Dodging
  2466 | D:3      | Noticed Grinder
  2486 | D:3      | Reached skill level 7 in Polearms
  2493 | D:3      | Killed Grinder
  2493 | D:3      | Reached XP level 6. HP: 22/48 MP: 3/6
  2789 | D:4      | Learned a level 2 spell: Blink
  2792 | D:4      | Learned a level 2 spell: Repel Missiles
  3083 | D:4      | Reached XP level 7. HP: 53/54 MP: 7/7
  3176 | D:4      | Reached skill level 8 in Polearms
  3231 | D:4      | Found a basalt altar of Yredelemnul.
  4114 | D:5      | Entered Level 5 of the Dungeon
  4255 | D:5      | Reached skill level 9 in Polearms
  4262 | D:5      | Reached XP level 8. HP: 60/61 MP: 8/8
  4714 | D:5      | Reached skill level 5 in Fighting
  4768 | D:5      | Found a sacrificial altar of Ru.
  5049 | D:6      | Reached skill level 10 in Polearms
  5159 | D:6      | Found a staircase to the Ecumenical Temple.
  5165 | Temple   | Entered the Ecumenical Temple
  5242 | Temple   | Became a worshipper of Warmaster Okawaru
  5290 | D:6      | Found a hide-covered altar of Uskayaw.
  5687 | D:6      | Reached skill level 11 in Polearms
  5726 | D:6      | Reached * piety under Okawaru
  5876 | D:6      | Found a blossoming altar of Fedhas.
  5993 | D:7      | Reached XP level 9. HP: 60/69 MP: 7/9
  6083 | D:7      | Noticed Pikel
  6170 | D:7      | Killed Pikel
  6170 | D:7      | Reached skill level 12 in Polearms
  6176 | D:7      | Noticed Menkaure
  6181 | D:7      | Killed Menkaure
  6331 | D:7      | Found Couhuuf's Food Shop.
  6400 | D:7      | Reached ** piety under Okawaru
  6668 | D:8      | Reached skill level 13 in Polearms
  6742 | D:8      | Got a brightly glowing scale mail
  6743 | D:8      | Identified the +1 scale mail "Zorol" {rElec rC+ Dex+4} (You found it on level 8 of the Dungeon)
  7777 | D:9      | Noticed TheGoonsmith's ghost (novice FoFi)
  7798 | D:9      | HP: 2/72 [TheGoonsmith's ghost (9)]
  7802 | D:9      | Slain by TheGoonsmith's ghost

Vault maps used:
D:1:      dpeg_arrival_caged_fury, serial_bayou_pond_e
D:2:      first_bread, uniq_terence
D:3:      uniq_grinder, uniq_robin
D:4:      lemuel_zombie_altar_yredelemnul, sigmund_army
D:5:      nicolae_ru_path_of_blood, cheibrodos_gnoll_hut
D:6:      eat_drink_and_be_merry_uskayaw, fedhas_altar_4
D:7:      serial_shops, shop, uniq_menkaure, uniq_pikel
D:9:      nemelex_altar_shiori, tso_metal_star, grunt_dithmenos_smoke
Temple:   nicolae_temple_great_sept

Skill      XL: |  1  2  3  4  5  6  7  8  9 |
---------------+----------------------------+-----
Polearms       | 5 6 7 9 11 13 | 13.5
Fighting       | 3 4 6 7 |  7.5
Shields        | 2 4 |  4.0
Dodging        | 5 6 7 |  7.0
Throwing       | |  2.0

Action                   |  1- 3 |  4- 6 |  7- 9 || total
-------------------------+-------+-------+-------++-------
Melee: Trident           |    84 |   224 |   484 ||   792
  Use: Potion            |       |     2 |     5 ||     7
       Scroll            |       |       |    11 ||    11
 Stab: Invisible         |       |     4 |       ||     4
       Sleeping          |       |       |     1 ||     1
       Distracted        |       |       |     1 ||     1
  Eat: Chunk             |       |     7 |    11 ||    18
       Bread ration      |       |       |     1 ||     1
Armor: Leather armour    |    14 |    42 |    66 ||   122
       Scale mail        |       |       |    10 ||    10
Dodge: Dodged            |    30 |   117 |   283 ||   430
Block: Buckler           |     7 |    34 |    90 ||   131
